ProzacElf, neutral female human Tourist ---------------- #...............| #|..............| #|...........<..| #|..............| ---.--------- #---------------- |`.........`-# #### |:....`.....|# # |o..-----...|# # |.).@p).|...|# # ...S|{@{|`..|### # |...|.{.|...| [ # |...-----...| ### # |.... ....| # -------# |`.... ...`| ##-)....|# ------------- |.)...|# ###########......%# |.....| ------- ProzacElf the Sightseer Experience level: 4 Strength: 16 Dexterity: 9 Constitution: 16 Intelligence: 10 Wisdom: 9 Charisma: 17 Health: 0(33) Energy: 17(17) Def: 0 Gold: 1149 Moves: 3493 Dungeon seed: Z3YWAhf2z8fb6WpQ Game ID: ProzacElf_1447664158 Your Inventory: Coins $ - 1149 gold pieces Amulets p - an uncursed amulet of reflection Weapons a - 24 +2 darts (in quiver) n - a +0 orcish dagger (weapon in hand) y - 5 +0 darts Armor e - a blessed +0 orcish helm N - a blessed +0 Hawaiian shirt (being worn) Y - a blessed +0 orcish cloak Comestibles b - 2 uncursed tripe rations c - 8 uncursed food rations k - 2 uncursed pancakes m - an uncursed egg C - an uncursed fortune cookie D - an uncursed lembas wafer Scrolls i - 3 uncursed scrolls of magic mapping u - an uncursed scroll of enchant weapon A - an uncursed scroll of identify B - an uncursed scroll of remove curse Spellbooks x - an uncursed spellbook of invisibility Potions h - 3 uncursed potions of extra healing Tools d - an uncursed credit card j - an expensive camera (0:84) z - an uncursed tin opener Gems q - an uncursed amber stone r - an uncursed worthless piece of white glass Spells and supernatural/magical abilities: Name Level Category Fail Memory W - pray for help -- divine ? -- Your skills at the end: Fighting Skills Weapon Skills dart [Basic] Spellcasting Skills Final Attributes: You were piously aligned. You are dead. Vanquished creatures: an imp a guardian naga hatchling 4 floating eyes a homunculus a kobold lord a hill orc a monkey 4 orc zombies 2 iguanas 3 coyotes a gas spore a hobbit a large kobold 4 cave spiders a yellow mold 4 garter snakes 3 geckos 4 jackals 2 foxes 2 kobolds 4 goblins 7 sewer rats 5 grid bugs a bat 6 lichens 3 newts 68 creatures vanquished. Voluntary challenges: You had followed a strict vegan diet until turn 3387. You had followed a strict vegetarian diet until turn 3387. You had been an atheist until turn 1877. You used a wielded weapon 26 times, starting on turn 647. You read items or engraved 2 times, starting on turn 2861. You never genocided any monsters. You never polymorphed an object. You never changed form. You used no wishes. You never split a pudding. You wrote Elbereth's name 1 time, starting on turn 3489. You never violated your personal moral code. Dungeon overview: The Dungeons of Doom: levels 1 to 5 Level 1 a long staircase Level 2 a fountain Level 3 a general store, a fountain Level 4 an altar to The Lady, a fountain a long staircase Level 5 <- You were here many fountains History has recorded: On T:1 you entered the Dungeons of Doom to retrieve the Amulet of Yendor! On T:518 you reached level 2 of The Dungeons of Doom. On T:545 you advanced to experience level 2. On T:1010 you reached level 3 of The Dungeons of Doom. On T:1864 you reached level 4 of The Dungeons of Doom. On T:2311 you advanced to experience level 3. On T:2899 you reached level 5 of The Dungeons of Doom. On T:2944 you advanced to experience level 4. Score breakdown: Gold: 317 ( 8512 points) Experience: 4 levels ( 9649 points) Exploration: 5 levels ( 10.42%) ( 8751 points) Discoveries: 1 item ( 0.34%) ( 1737 points) Valuables value: (no points given unless you survive) Artifact value: 0 ( 0 points) Variety of kills: 26 monsters ( 6.82%) ( 7836 points) Turncount: 3493 turns ( -824 points) Survival: died (score multiplied by 80%) Total score: 28528 Latest messages: The dart misses the hill orc. A garter snake was hidden under a statue of a plains centaur! The garter snake bites! You die... Final status: Aloha ProzacElf the Tourist, killed by a garter snake... You died in The Dungeons of Doom on dungeon level 5 with 28528 points, and 1149 pieces of gold, after 3493 moves. You were level 4 with a maximum of 33 hit points when you died.